 Dungeon Crawl Stone Soup version bcrawl-1.36.4 (webtiles) character file.

Game seed: 16222651202367671340

295233 Mrkan the Ruffian (level 8, -3/81 HPs)
             Began as a Troll Hunter on July 24, 2022.
             Slain by a wight
             ... wielding a cursed +4 great sword
              (5 damage)
             ... on level 6 of the Dungeon.
             The game lasted 00:10:27 (4403 turns).

Mrkan the Ruffian (Troll Hunter)                    Turns: 4403, Time: 00:10:28

Health: -3/81      AC:  7    Str: 21    XL:     8   Next: 60%
Magic:  7/7        EV:  9    Int:  8    God:
Gold:   238        SH:  0    Dex: 12    Spells: 7/7 levels left

rFire    . . .     SeeInvis .     - Claws (20.2)
rCold    . . .     Gourm    +   (no shield)
rNeg     . . .     Faith    .   (armour unavailable)
rPois    .         Spirit   .   (helmet restricted)
rElec    .         Reflect  .   (no cloak)
rCorr    .                      (gloves unavailable)
MR       .....                  (boots unavailable)
Stlth    +.........             (no amulet)
HPRegen  0.63/turn              (no ring)
MPRegen  0.10/turn              (no ring)

@: heavily drained
A: large, almost no armour, claws 3, fast metabolism 3, gourmand, regeneration
1, AC +7
a: no special abilities


You were on level 6 of the Dungeon.
You were completely stuffed.

You visited 1 branch of the dungeon, and saw 6 of its levels.

You collected 238 gold pieces.

Inventory:

Missiles
 b - 120 large rocks (quivered)
 c - 2 throwing nets {=f}
 t - 63 curare-tipped needles
 B - 66 poisoned tomahawks
Armour
 u - a cursed +0 cloak
Jewellery
 k - an uncursed ring of resist corrosion {unknown}
 o - a +6 ring of slaying {unknown}
 y - a +5 ring of intelligence {unknown}
Wands
 q - a wand of polymorph (9)
 z - a wand of acid (4)
Scrolls
 f - 4 scrolls of remove curse {unknown}
 g - 3 scrolls of enchant armour {unknown}
 h - 7 scrolls of teleportation {unknown}
 i - 5 scrolls of identify
 m - a scroll of blinking {unknown}
 n - 2 scrolls of immolation {unknown}
 r - 2 scrolls of magic mapping {unknown}
 s - a scroll of enchant weapon {unknown}
 v - 2 scrolls of amnesia {unknown}
 w - a scroll of fear {unknown}
Potions
 a - 2 potions of curing {unknown}
 d - a potion of mutation {unknown}
 j - a potion of agility {unknown}
 l - a potion of might {unknown}
 p - a potion of invisibility {unknown}
 x - a potion of haste {unknown}
 A - a potion of lignification {unknown}
 D - a potion of flight {unknown}
Miscellaneous
 E - a box of beasts
Comestibles
 e - 12 rations {!d}
 C - a chunk of flesh


   Skills:
 + Level 5.4(3.7) Fighting
 * Level 5.7(4.0) Throwing
 - Level 1.5(0.0) Dodging
 - Level 0.4(0.0) Stealth
 - Level 7.4(5.6) Unarmed Combat


You had 7 spell levels left.
You didn't know any spells.
Your spell library was empty.

Dungeon Overview and Level Annotations

Branches:
Dungeon (6/12)
 Temple: D:4-7

Altars:
Cheibriados
Vehumet

Shops:
D:4 *


Innate Abilities, Weirdness & Mutations

You cannot wear most types of armour.
Your thick skin is tough. (AC +7)
You are too large for most types of armour.
You have claws for hands.
Your metabolism is lightning-fast.
You like to eat raw meat.
Your natural rate of healing is unusually fast.


Message History

You eat one of the 2 chunks of flesh.
This raw flesh tastes great.
HP restored.
There is a stone staircase leading down, spattered with blood here.
You climb downwards.
A rune on the stairs sparks and fizzles.
The wight hits you with a +3 great sword of freezing!
You feel drained. The wight freezes you. The wight barely misses you.
The wight hits you with a +3 great sword of freezing.
The wight freezes you.
The wight hits you with a cursed +4 great sword!
There is a stone staircase leading up, spattered with blood here.
You barely miss the wight. You closely miss the wight.
The wight hits you with a +3 great sword of freezing!!
You feel drained. The wight freezes you.
* * * LOW HITPOINT WARNING * * *
The wight hits you with a cursed +4 great sword!!
* * * LOW HITPOINT WARNING * * *
You feel drained.
You die...

##....#.#
.....#.##
#....#.. #
#...... .
#.#..... ...
#......##....
#....z.......
#...z@.......
#....#.......
##.#. #......
# #. ......
## .....
..... ....
....


You could see 2 wights.

Vanquished Creatures
  A hippogriff (D:2)
  An orc warrior (D:5)
  An ice beast (D:5)
  2 sky beasts
  An ogre (D:4)
  A bullfrog (D:4)
  A centaur (D:5)
  3 scorpions
  3 wights (D:5)
  An orc priest (D:5)
  A crimson imp (D:2)
  A bullfrog zombie (D:5)
  A bullfrog skeleton (D:4)
  Ijyb (D:2)
  4 worker ants
  An iguana (D:4)
  2 orc wizards
  A hound zombie (D:5)
  3 hound skeletons
  5 adders
  An ooze (D:5)
  6 worms
  7 dart slugs
  3 leopard geckos
  21 orcs
  2 ball pythons
  6 giant cockroaches
  3 goblins
  9 hobgoblins
  7 jackals
  3 quokkas
  5 bats
  2 frilled lizards
  11 kobolds
  A rat (D:1)
122 creatures vanquished.

Notes
Turn   | Place    | Note
-------+----------+-------------------------------------------
     0 | D:1      | Mrkan the Troll Hunter began the quest for the Orb.
     0 | D:1      | Reached XP level 1. HP: 19/19 MP: 0/0
   192 | D:1      | Reached skill level 1 in Unarmed Combat
   194 | D:1      | Reached XP level 2. HP: 28/28 MP: 1/1
   570 | D:1      | Reached skill level 2 in Unarmed Combat
   730 | D:1      | Reached XP level 3. HP: 27/35 MP: 2/2
  1379 | D:2      | HP: 1/35 [orc wizard/magic dart (2)]
  1404 | D:2      | Gained mutation: Your natural rate of healing is unusually
                  | fast. [Troll growth]
  1404 | D:2      | Reached XP level 4. HP: 3/44 MP: 3/3
  1503 | D:2      | Reached skill level 3 in Unarmed Combat
  1978 | D:3      | Noticed Ijyb
  1978 | D:3      | Noticed a hippogriff
  1994 | D:2      | Killed a hippogriff
  1995 | D:2      | Reached skill level 5 in Unarmed Combat
  1995 | D:2      | Reached XP level 5. HP: 7/53 MP: 4/4
  1995 | D:2      | Reached XP level 6. HP: 8/61 MP: 5/5
  2097 | D:2      | Killed Ijyb
  2282 | D:3      | Found a radiant altar of Vehumet.
  2649 | D:4      | Reached XP level 7. HP: 68/68 MP: 6/6
  2742 | D:4      | Reached skill level 6 in Unarmed Combat
  2830 | D:4      | Found a snail-covered altar of Cheibriados.
  3116 | D:4      | Found Buloehi's Lightly-Used Armoury.
  3285 | D:5      | Entered Level 5 of the Dungeon
  3359 | D:5      | Reached skill level 7 in Unarmed Combat
  3480 | D:5      | Reached XP level 8. HP: 25/79 MP: 7/7
  3814 | D:5      | Reached skill level 5 in Fighting
  4192 | D:5      | Reached skill level 5 in Throwing
  4403 | D:6      | HP: 2/81 [wight/cursed +4 great sword (18)]
  4403 | D:6      | Slain by a wight

Skill      XL: |  1  2  3  4  5  6  7  8 |
---------------+-------------------------+-----
Unarmed Combat | 1 2 5 7 |  7.4
Fighting       | 2 3 4 5 |  5.4
Throwing       | 5 |  5.7
Dodging        | |  1.5
Stealth        | |  0.4

Action                   |  1- 3 |  4- 6 |  7- 9 || total
-------------------------+-------+-------+-------++-------
Melee: Short sword       |   158 |       |       ||   158
       Punch             |     2 |     3 |     3 ||     8
       Unarmed           |    12 |   144 |   132 ||   288
 Stab: Sleeping          |       |     2 |       ||     2
       Confused          |       |     1 |       ||     1
  Eat: Chunk             |     8 |    17 |    18 ||    43
Armor: Skin              |    55 |    64 |    35 ||   154
Dodge: Dodged            |    64 |    85 |    58 ||   207
